FIQ, neutral male scurrid Tourist }}}}}}}}}}}}}}}}}}}}}}}}}}}}}}}}}}}}}}}}}}}}}}}}}}}}}}}}}}}}}}} }}}}}}}}}}}}}}}}}}}}}}}}}}}}}}}}}}v}}}}}}}}}}}}}}}}}}}}}}}}}}} }}}}}}}}}}.....<}}}}}}}}}}}}}}}}}}W.....}}}}}}}}}}}}).}}}}}}} }}}}}}}}..........}}}}}}}}}}}}}}..........}}}}}}}}}....}}}}}} |}}}}}}..............}}}}}}}}..............}}}}}}}}....}}}}}} }}}}}........?e............................}}}}}}}}}..}}}}}} |}}}}..l................/.............>...l}}}}}}}}}}}}}}}}} |}}}.......f......!.........................}}}}}}}}}}}}}}}} |}}}.l...l.....%.^M.....v..t............h..?}}}}}}}}}}}}}}}} |}}}.......d.............q.....[............}}}}}}}}}}}}}}}} |}}}n..........n............................}}}}}}}}}}}}}.}} +}}}..............................%.........}}}}}}}}}}}}}..} |}}}.j......................................}}}}}}}}}}}}}}}} |}}}}..............)o......................}}}}}}}}}}}}}}}}} |}}}}............H.H..................d....}}}}}}}}}}}}}}}}} |}}}}}...%.....M...j'}}}}}}}...M..........%}}}}..}}}}}}}}}}} |}}}}}}.C'.......[}}}}}}}}}}}}}..........}}}}}}....}}}}}}}}} |}}}}}}}r}.....}}}}}}}}}}}}}}}}}}......}}}}}}}}}......}}}}}} }}}} x FIQ the Rambler Experience level: 1 Strength: 10 Dexterity: 13 Constitution: 14 Intelligence: 13 Wisdom: 11 Charisma: 14 Health: 2(9) Energy: 2(2) Def: 0 Gold: 248 Moves: 33 Dungeon seed: I_8K0ModryhIt-KD Game ID: FIQ_1498603474 Your Inventory: Coins $ - 248 gold pieces Weapons a - 44 uncursed rusty +2 darts (in quiver) Armor e - a blessed +0 Hawaiian shirt (being worn) Comestibles b - 2 uncursed tripe rations c - 7 uncursed food rations d - an uncursed fortune cookie f - an uncursed egg Scrolls h - 4 uncursed scrolls of magic mapping Potions g - 2 uncursed diluted potions of extra healing Wands k - an uncursed rusty wand of secret door detection (0:11) Tools i - an uncursed expensive camera (0:57) j - an uncursed credit card l - an uncursed leash Spells and supernatural/magical abilities: Name Level Category Fail Memory W - pray for help -- divine ? -- Your skills at the end: Miscellaneous Skills wands [Basic] Weapon Skills dart [Basic] Spellcasting Skills Final Attributes: You were devoutly aligned. You had infravision. You were very stealthy. You survived. Voluntary challenges: You went without food. You did not adorn yourself with jewelry or accessories. You did not cause conflict. You were not invisible. You did not have reflection. You were not displaced. You were an atheist. You never hit with a wielded weapon. You were a pacifist. You did not use tools. You did not use plumbed fixtures. You did not drink any magical draughts. You were illiterate. You never genocided any monsters. You never polymorphed an object. You never changed form. You used no wishes. You never split a pudding. You never wrote Elbereth's name. You never violated your personal moral code. Dungeon overview: The Dungeons of Doom: levels 1 to 13 Level 1 a fountain a long staircase Level 2 Level 3 Level 4 a fountain Level 5 Level 6 Level 7 Level 8 a fountain Level 9 a temple to The Lady Level 10 Level 11 Level 12 Level 13 <- You were here History has recorded: On T:1 you entered the Dungeons of Doom to retrieve the Amulet of Yendor! On T:4 you reached level 2 of The Dungeons of Doom. On T:6 you reached level 3 of The Dungeons of Doom. On T:8 you reached level 4 of The Dungeons of Doom. On T:10 you reached level 5 of The Dungeons of Doom. On T:13 you reached level 6 of The Dungeons of Doom. On T:15 you reached level 7 of The Dungeons of Doom. On T:17 you reached level 8 of The Dungeons of Doom. On T:19 you reached level 9 of The Dungeons of Doom. On T:22 you reached level 10 of The Dungeons of Doom. On T:25 you reached level 11 of The Dungeons of Doom. On T:28 you reached level 12 of The Dungeons of Doom. On T:30 you reached level 13 of The Dungeons of Doom. Score breakdown: Gold: 12 ( 1 points) Experience: 1 level ( 0 points) Exploration: 13 levels ( 360 points) Discoveries: 0 items ( 0 points) Variety of kills: 0 monsters ( 0 points) Major goal: (nothing yet) ( 0 points) Survival: quit (score multiplied by 3) Total score: 1083 Latest messages: You fall through... You start digging downward. You continue digging downward. You dig a pit in the floor. You continue digging downward. You dig a hole through the floor. You fall through... You receive a faint telepathic message from Twoflower: Your help is urgently needed at Ankh-Morpork! Look for a ...ic transporter. You couldn't quite make out that last message. The paper golem claws you! You start digging downward. The paper golem claws you! The gelatinous cube engulfs a wand. You continue digging downward. You dig a pit in the floor. You continue digging downward. As you dig, the hole fills with water! You fall into the water! You sink like a rock. Your darts rust! Your wand of secret door detection rusts! You try to crawl out of the water. Pheew! That was close. The barrow wight seems disoriented. That command is only available in debug mode. Final status: Aloha FIQ the Tourist, quit... You quit in The Dungeons of Doom on dungeon level 13 with 1083 points, and 248 pieces of gold, after 33 moves. You were level 1 with a maximum of 9 hit points when you quit.